 Dungeon Crawl Stone Soup version 0.28.0-53-g5a82cb258f (webtiles) character file.

Game seed: 6987492039909699711

1517 pkoi the Martial Artist (level 8, -5/66 HPs)
             Began as a Demigod Fighter on June 2, 2022.
             Slain by Maggie
             ... wielding a +0 halberd of flaming
              (6 damage)
             ... on level 7 of the Dungeon.
             The game lasted 00:07:45 (9756 turns).

pkoi the Martial Artist (Demigod Fighter)           Turns: 9756, Time: 00:07:45

Health: -5/66      AC: 10    Str: 23    XL:     8   Next: 28%
Magic:  10/10      EV:  8    Int: 14    God:
Gold:   316        SH:  6    Dex: 17    Spells: 7/7 levels left

rFire   . . .      SeeInvis .     - Unarmed
rCold   . . .      Faith    .   b - +1 buckler
rNeg    . . .      Spirit   .   f - +0 chain mail
rPois   .          Reflect  .   (no helmet)
rElec   .          Harm     .   (no cloak)
rCorr   .          Rampage  .   i - +0 pair of gloves
Will    .....                   (no boots)
Stlth   ..........              (no amulet)
HPRegen 0.21/turn               d - +6 ring of strength
MPRegen 0.12/turn               k - ring of flight

@: flying, mesmerised
A: high MP 1, forlorn, divine attributes
a: no special abilities


You were on level 7 of the Dungeon.
You visited 1 branch of the dungeon, and saw 7 of its levels.

You collected 316 gold pieces.

Inventory:

Hand Weapons
 e - a +1 dagger of freezing
 g - a +0 dagger of venom
 o - a +1 whip of electrocution
Armour
 a - a +0 scale mail
 b - a +1 buckler (worn)
 f - a +0 chain mail (worn)
 i - a +0 pair of gloves (worn)
Jewellery
 d - a +6 ring of strength (left hand)
 h - a ring of ice
 k - a ring of flight (right hand)
Wands
 p - a wand of paralysis (12)
Scrolls
 l - 2 scrolls of teleportation
 n - 2 scrolls of enchant armour
 q - a scroll of fear
Potions
 c - a potion of might
 j - a potion of attraction
 m - a potion of curing
 r - 2 potions of heal wounds


   Skills:
 + Level 4.0 Fighting
 - Level 3.0 Armour
 - Level 2.0 Dodging
 - Level 3.0 Shields
 + Level 9.1 Unarmed Combat


You had 7 spell levels left.
You didn't know any spells.
Your spell library contained the following spells:

 Spells                   Type           Power      Damage    Failure   Level
 Slow                     Hex            0%         N/A       97%         1
 Sublimation of Blood     Necr           0%         N/A       99%         2
 Wereblood                Tmut           0%         N/A       99%         2
 Confusing Touch          Hex            0%         N/A       100%        3
 Vampiric Draining        Necr           0%         2d6       100%        3
 Summon Hydra             Summ           0%         N/A       100%        7


Dungeon Overview and Level Annotations

Branches:
Dungeon (7/15)             Temple (0/1) D:6

Shops:
D:3 !

Annotations:
D:7 Maggie


Innate Abilities, Weirdness & Mutations

You have an increased reservoir of magic. (+10% MP)
You shall have no god before yourself.
Your divine heritage dramatically boosts your attributes as you level up.


Message History

You start waiting.
Done waiting.
Your +0 dagger of venom begins to drip with poison!
g - a +0 dagger of venom (weapon)
You fly downwards.
Level annotation: Maggie Maggie hits you from afar with a +0 halberd of flaming!
Maggie burns you.
* * * LOW HITPOINT WARNING * * *
Maggie barely misses you.
There is a stone staircase leading up here.
Maggie mumbles some strange words.
Maggie attempts to bespell you! You resist.
You hit Maggie but do no damage.
Maggie is poisoned.
Maggie mumbles some strange words.
Maggie attempts to bespell you!
You are mesmerised by Maggie!
You hit Maggie but do no damage.
Maggie looks as sick as possible!
Maggie hits you with a +0 halberd of flaming!
* * * LOW HITPOINT WARNING * * *
Maggie burns you.
* * * LOW HITPOINT WARNING * * *
You hit Maggie but do no damage.
Maggie is lightly wounded.
Maggie casts a spell at you. The bolt of fire misses you.
You barely miss Maggie.
Maggie is lightly wounded.
Maggie casts a spell at you. The bolt of fire hits you!!
* * * LOW HITPOINT WARNING * * *
Unknown command.
Your +0 dagger of venom stops dripping with poison.
You are now empty-handed.
You barely miss Maggie.
Maggie is lightly wounded.
Maggie hits you with a +0 halberd of flaming!
* * * LOW HITPOINT WARNING * * *
Maggie burns you.
You die...

#### #. # .... #. #. #...
### #. #.. ... #.. ..
#..### ...#.########.
$#..... #.#.#......#.
....... #.......#.##.
#......########.#.#.#..#'
#......@@<....#.#...#....
.....###.##.....##..#....
... #.##.#............ $
#....######..##...
####.#....#...+...
#.#........#...
###...)##..####
..(.#........... ###
#...........


You could see Maggie (mesmerising, very poisoned).

Vanquished Creatures
  A black bear (D:6)
  An ice beast (D:6)
  A sky beast (D:5)
  2 necrophages
  2 ogres
  A centaur (D:5)
  A phantom (D:5)
  A scorpion (D:6)
  A bullfrog zombie (D:5)
  A jelly (D:6)
  3 hounds
  A gnoll shaman (D:6)
  A bullfrog skeleton (D:7)
  2 orc priests (D:6)
  2 centaur skeletons
  3 iguanas
  2 orc wizards
  A hound zombie (D:5)
  A hound skeleton (D:5)
  5 gnolls
  2 howler monkey skeletons (D:4)
  4 adders
  4 dart slugs
  9 orcs
  3 bats
  3 endoplasms
  4 giant cockroaches
  8 goblins
  6 hobgoblins
  13 jackals
  7 quokkas
  5 ball pythons
  A frilled lizard (D:1)
  7 kobolds
  3 rats
112 creatures vanquished.

Notes
Turn   | Place    | Note
-------+----------+-------------------------------------------
     0 | D:1      | pkoi the Demigod Fighter began the quest for the Orb.
     0 | D:1      | Reached XP level 1. HP: 18/18 MP: 3/3
    28 | D:1      | Reached skill level 2 in Unarmed Combat
    90 | D:1      | Reached XP level 2. HP: 21/25 MP: 4/4
   485 | D:1      | Reached skill level 3 in Unarmed Combat
  1006 | D:1      | Reached XP level 3. HP: 30/30 MP: 5/5
  2837 | D:3      | Noticed an ogre
  2850 | D:3      | Killed an ogre
  2851 | D:3      | Reached skill level 1 in Dodging
  2851 | D:3      | Reached skill level 4 in Unarmed Combat
  2851 | D:3      | Reached XP level 4. HP: 38/38 MP: 6/6
  3343 | D:3      | Found Yvegosio's Distillery.
  3428 | D:3      | Reached XP level 5. HP: 35/45 MP: 7/7
  4360 | D:4      | Reached skill level 5 in Unarmed Combat
  4664 | D:5      | Entered Level 5 of the Dungeon
  4737 | D:5      | Reached XP level 6. HP: 47/51 MP: 8/8
  5005 | D:5      | Reached skill level 6 in Unarmed Combat
  5862 | D:5      | Reached XP level 7. HP: 28/57 MP: 9/9
  6395 | D:5      | Reached skill level 7 in Unarmed Combat
  6709 | D:6      | Reached skill level 8 in Unarmed Combat
  7832 | D:5      | Reached XP level 8. HP: 41/63 MP: 10/10
  8634 | D:6      | Found a staircase to the Ecumenical Temple.
  8703 | D:6      | Reached skill level 9 in Unarmed Combat
  9049 | D:7      | Noticed Maggie
  9756 | D:7      | HP: 1/66 [Maggie/+0 halberd of flaming (14)]
  9756 | D:7      | Slain by Maggie

Illustrated notes

Levels and vault maps discovered:
D:1:      enne_arrival_octagon_isle, layout_loops_ring,
          chequers_ecumenical_altar_island, st_stairs_12
D:2:      layout_basic
D:3:      layout_loops_ring, serial_shops, nicolae_diamond_shop,
          minmay_misc_feat_nine_boxes
D:4:      layout_rooms
D:5:      layout_layer_cave, mainiacjoe_overflow_paths
D:6:      layout_rooms, minmay_temple_entry_slanted
D:7:      layout_basic, uniq_maggie

Skill      XL: |  1  2  3  4  5  6  7  8 |
---------------+-------------------------+-----
Unarmed Combat | 2 3 4 5 6 8 9 |  9.1
Fighting       | 3 4 |  4.0
Armour         | 3 |  3.0
Dodging        | 1 2 |  2.0
Shields        | 3 |  3.0

Action                   |  1- 3 |  4- 6 |  7- 9 || total
-------------------------+-------+-------+-------++-------
Melee: Unarmed           |    20 |     6 |    70 ||    96
       Dagger            |   158 |   215 |   100 ||   473
       Whip              |       |    15 |     1 ||    16
  Use: Scroll            |     3 |     6 |     3 ||    12
       Potion            |       |     2 |       ||     2
Armor: Scale mail        |    52 |       |       ||    52
       Chain mail        |    26 |   142 |   107 ||   275
Dodge: Dodged            |    71 |    96 |    62 ||   229
Block: Buckler           |    37 |    61 |    69 ||   167
